[Event "Titled Tuesday Blitz January 10 Early 2023"]
[White "Chernomordik, Pavel"]
[Black "Simonovic, Miroslav"]
[WhiteFideId "2804530"]
[BlackFideId "919152"]
[WhiteElo "2150"]
[BlackElo "2082"]
[Result "1-0"]
[Round "10"]
[TimeControl "180+2"]
[Date "2023.01.10"]
[WhiteClock "0:01:04"]
[BlackClock "0:00:05"]

1. e4 c5 2. Nc3 Nc6 3. Bb5 g6 4. Bxc6 dxc6 5. f4 Bg7 6. Nf3 e5 7. fxe5 Bg4 8. h3 Bxf3 9. Qxf3 Ne7 10. O-O O-O 11. d3 Qd4+ 12. Be3 Qxe5 13. Qf2 b6 14. Bf4 Qe6 15. Rae1 Rae8 16. Qg3 Qd7 17. Bd6 Bd4+ 18. Kh1 Kh8 19. Be5+ f6 20. Bd6 f5 21. e5 Bxc3 22. bxc3 Qe6 23. c4 Rf7 24. Qf3 Rc8 25. a4 Kg7 26. a5 Rff8 27. axb6 axb6 28. Rb1 b5 29. cxb5 cxb5 30. Rxb5 c4 31. Rb7 Rfe8 32. Rfb1 cxd3 33. cxd3 Kh6 34. R1b6 Nd5 35. Bf8+ 1-0


[Site "https://www.chess.com"]

[Event "Titled Tuesday Blitz January 10 Early 2023"]
[White "Kho, Darrell"]
[Black "Luukkonen, Tommi"]
[WhiteFideId "1019317"]
[BlackFideId "501808"]
[WhiteElo "2075"]
[BlackElo "2292"]
[Result "0-1"]
[Round "10"]
[TimeControl "180+2"]
[Date "2023.01.10"]
[WhiteClock "0:00:06"]
[BlackClock "0:00:58"]

1. e4 c5 2. Nf3 d6 3. d4 cxd4 4. Qxd4 Nc6 5. Qe3 g6 6. Be2 Bg7 7. O-O Nf6 8. Rd1 O-O 9. h3 Be6 10. Nc3 Nb4 11. Qd2 Qb6 12. a3 Nc6 13. Qf4 Nh5 14. Qh4 Nd4 15. Nxd4 Bxd4 16. Bxh5 gxh5 17. Bh6 Bf6 18. Qxh5 Qxb2 19. e5 Bxe5 20. Ne4 Qxc2 21. Ng5 Bxa1 22. Rxa1 Qg6 23. Qxg6+ hxg6 24. Bxf8 Kxf8 25. Nxe6+ fxe6 26. Rb1 b6 27. Rc1 Ke8 28. h4 Kd7 29. g4 Rh8 0-1


[Site "https://www.chess.com"]

[Event "Titled Tuesday Blitz January 10 Early 2023"]
[White "ritanovikova"]
[Black "Salman, Pavel"]
[BlackFideId "24153753"]
[WhiteElo "2112"]
[BlackElo "2287"]
[Result "0-1"]
[Round "10"]
[TimeControl "180+2"]
[Date "2023.01.10"]
[WhiteClock "0:00:11"]
[BlackClock "0:00:21"]

1. d4 Nf6 2. Bf4 d6 3. Nd2 g6 4. Ngf3 Bg7 5. c3 O-O 6. e3 Nfd7 7. Bg5 h6 8. Bh4 Qe8 9. Bb5 c6 10. Ba4 e5 11. O-O f5 12. Bb3+ Kh7 13. dxe5 dxe5 14. Bc2 e4 15. Nd4 Ne5 16. Bg3 Nbd7 17. Bb3 Nc5 18. Nc4 Nxc4 19. Bxc4 b5 20. Be2 g5 21. Bd6 Nd7 22. Bxf8 Nxf8 23. Bh5 Ng6 24. Bxg6+ Qxg6 25. a4 bxa4 26. Qxa4 c5 27. Qc6 Rb8 28. Qxg6+ Kxg6 29. Nc6 Rb7 30. Rxa7 Rxa7 31. Nxa7 Ba6 32. Rd1 Bd3 33. f3 c4 34. Nb5 Be5 35. Ra1 f4 36. exf4 Bxf4 37. fxe4 Bxe4 38. Nd4 Be3+ 39. Kf1 Bd3+ 40. Ke1 g4 41. Ra5 Bg1 42. h3 g3 43. Kd2 Be4 44. Ne2 Bf2 45. Re5 Bd3 46. Nf4+ Kf6 47. Rh5 Be4 48. Rxh6+ Kg5 49. Rg6+ Kxf4 50. Rg8 Bxg2 51. h4 Be4 52. h5 g2 53. h6 g1=Q 54. Rxg1 Bxg1 55. Kc1 Be3+ 56. Kd1 Ke5 57. Ke2 Bxh6 0-1


[Site "https://www.chess.com"]

[Event "Titled Tuesday Blitz January 10 Early 2023"]
[White "Sreyas Payyappat"]
[Black "Larina, Maria"]
[WhiteFideId "46674969"]
[BlackFideId "24113182"]
[WhiteElo "2076"]
[BlackElo "1948"]
[Result "1-0"]
[Round "10"]
[TimeControl "180+2"]
[Date "2023.01.10"]
[WhiteClock "0:00:41"]
[BlackClock "0:00:07"]

1. e4 c6 2. d4 d5 3. Nc3 dxe4 4. Nxe4 Nf6 5. Nxf6+ exf6 6. Bc4 Bd6 7. Qe2+ Qe7 8. Qxe7+ Bxe7 9. Ne2 O-O 10. O-O Bg4 11. f3 Bf5 12. c3 Nd7 13. Re1 Rfe8 14. Bf4 Nb6 15. Bb3 g5 16. Ng3 Bg6 17. Bc7 h5 18. Bxb6 axb6 19. Re2 h4 20. Ne4 f5 21. Nf2 Bd6 22. Rae1 Kf8 23. Nh3 f6 24. Be6 f4 25. Nf2 Kg7 26. Bb3 Rxe2 27. Rxe2 Re8 28. Rxe8 Bxe8 29. Ne4 Be7 30. Kf2 f5 31. Nd2 Bf7 32. Bxf7 Kxf7 33. Nc4 Bd8 34. Nd6+ Ke6 35. Nxb7 Bc7 36. c4 Kd7 37. c5 Kc8 38. cxb6 Bxb6 39. Nc5 Kc7 40. Ke2 Kd6 41. b4 Kd5 42. Kd3 Bd8 43. a4 g4 44. a5 gxf3 45. gxf3 h3 46. Nd7 Kd6 47. Ne5 Kc7 48. Ng6 Bh4 49. Nxf4 Bg3 50. Nxh3 Bxh2 51. f4 Bg3 52. Ke2 Bh4 53. Ng5 Kb7 54. Nf7 Be7 55. d5 cxd5 56. b5 Bb4 57. a6+ Kb6 58. Ne5 Bc5 59. Nd7+ Kxb5 60. Nxc5 Kxc5 61. a7 d4 62. a8=Q 1-0


[Site "https://www.chess.com"]

[Event "Titled Tuesday Blitz January 10 Early 2023"]
[White "Adam, Ernestina"]
[Black "Erzhanov, Arman"]
[WhiteFideId "165883"]
[BlackFideId "4138821"]
[WhiteElo "2040"]
[BlackElo "2228"]
[Result "0-1"]
[Round "10"]
[TimeControl "180+2"]
[Date "2023.01.10"]
[WhiteClock "0:00:03"]
[BlackClock "0:00:32"]

1. e4 d6 2. d4 Nf6 3. Nc3 e5 4. f4 exd4 5. Qxd4 Nc6 6. Qd1 Be7 7. Nf3 O-O 8. Bd3 Re8 9. O-O Bf8 10. h3 Nb4 11. Be3 b6 12. a3 Nxd3 13. cxd3 d5 14. e5 d4 15. Bxd4 Nd5 16. Nxd5 Qxd5 17. Qe2 Bb7 18. Bc3 Ba6 19. Rfd1 Rad8 20. Qe4 Bxd3 21. Qxd5 Rxd5 22. Ne1 Be4 23. Rxd5 Bxd5 24. Rd1 c6 25. Nc2 Bb3 26. Rd2 c5 27. Ne3 Ba4 28. Nf5 g6 29. Ne3 Be7 30. Nd5 Bd8 31. Kf2 h5 32. g3 Kf8 33. Ne3 Be7 34. g4 hxg4 35. hxg4 Rd8 36. Re2 Bb5 37. Re1 Bh4+ 38. Kf3 Bxe1 39. Bxe1 Bc6+ 40. Ke2 Rd4 41. Bg3 Bb5+ 42. Kf3 Rd2 43. f5 gxf5 44. gxf5 Rxb2 45. Kf4 Bd7 46. Nd5 c4 47. Kg5 Rg2 48. Kf4 Bxf5 49. Ne3 Bh3 50. Nxg2 Bxg2 51. Ke3 Bf1 52. Kd2 Ke7 53. Kc3 Ke6 54. Bh2 Kd5 55. Bg3 b5 56. Bh2 a5 57. Bg3 Bd3 58. Bh2 Kc5 59. Bg1+ Kc6 60. Bh2 Kd5 61. Bg3 Bf1 62. Bh2 Ke4 63. Bg3 Kf3 64. Be1 Ke4 65. Bg3 Be2 66. Bh2 Bd1 67. Bg3 Bg4 68. Bh2 Be6 69. Bg3 Ke3 70. Bh2 Kf3 71. Kc2 b4 72. axb4 axb4 73. Kb2 c3+ 74. Kc2 Ke4 75. Bg3 Kd4 76. Bh2 b3+ 77. Kc1 b2+ 78. Kc2 Bf5+ 79. Kd1 b1=Q+ 80. Ke2 Qd3+ 81. Kf2 Bg4 0-1


[Site "https://www.chess.com"]

[Event "Titled Tuesday Blitz January 10 Early 2023"]
[White "Boraso, Alessio"]
[Black "Baches Garcia, Guillermo"]
[WhiteFideId "848077"]
[BlackFideId "2209764"]
[WhiteElo "2316"]
[BlackElo "2327"]
[Result "1-0"]
[Round "10"]
[TimeControl "180+2"]
[Date "2023.01.10"]
[WhiteClock "0:01:04"]
[BlackClock "0:00:16"]

1. e4 c5 2. Nf3 d6 3. b3 Nf6 4. Bd3 Nc6 5. c3 d5 6. e5 Ng4 7. Qe2 Qc7 8. Bb5 a6 9. Bxc6+ Qxc6 10. O-O g6 11. d4 Bg7 12. Ba3 b6 13. Nbd2 O-O 14. Rac1 Nh6 15. h3 f6 16. Rfe1 Nf7 17. exf6 exf6 18. dxc5 bxc5 19. Qe7 Nd6 20. Nd4 cxd4 21. cxd4 Qd7 22. Qxd6 Qxd6 23. Bxd6 Rd8 24. Rc7 Rxd6 25. Re8+ Bf8 26. Rexc8 Rxc8 27. Rxc8 Kf7 28. Kf1 Rb6 29. Ke2 h5 30. Kd3 Bd6 31. Nf1 h4 32. Ne3 Ke6 33. Re8+ Be7 34. Rxe7+ Kxe7 35. Nxd5+ 1-0


[Site "https://www.chess.com"]

[Event "Titled Tuesday Blitz January 10 Early 2023"]
[White "Estrada Nieto, Julian"]
[Black "Matveeva, Olga"]
[WhiteFideId "5101018"]
[BlackFideId "24107018"]
[WhiteElo "2215"]
[BlackElo "2128"]
[Result "0-1"]
[Round "10"]
[TimeControl "180+2"]
[Date "2023.01.10"]
[WhiteClock "0:00:03"]
[BlackClock "0:00:09"]

1. e4 e6 2. d4 d5 3. Nd2 c5 4. exd5 Qxd5 5. Ngf3 cxd4 6. Bc4 Qd6 7. O-O Nf6 8. Nb3 Nc6 9. Nbxd4 Nxd4 10. Nxd4 Be7 11. Bb3 O-O 12. c3 Rd8 13. Qf3 Qc5 14. Re1 a5 15. Be3 Qc7 16. Bf4 Qb6 17. Nf5 Bf8 18. Qg3 exf5 19. Bc7 Qc5 20. Bxd8 Ne4 21. Qe3 Bd7 22. Bb6 Qc6 23. Bd4 Re8 24. Qf3 Qg6 25. Bd5 Ng5 26. Qg3 Bd6 27. Rxe8+ Bxe8 28. Re1 Bd7 29. Be5 f4 30. Bxf4 Bxf4 31. Qg4 Nh3+ 32. gxh3 Qd6 33. Qf3 Bxh2+ 34. Kh1 Bf4 35. Bxf7+ Kxf7 36. Rd1 Bc6 0-1


[Site "https://www.chess.com"]

[Event "Titled Tuesday Blitz January 10 Early 2023"]
[White "Bove, Alessandro"]
[Black "Heinemann, Josefine"]
[WhiteFideId "814121"]
[BlackFideId "12900460"]
[WhiteElo "2311"]
[BlackElo "2289"]
[Result "1-0"]
[Round "10"]
[TimeControl "180+2"]
[Date "2023.01.10"]
[WhiteClock "0:01:10"]
[BlackClock "0:00:51"]

1. d4 Nf6 2. Nf3 d5 3. Bf4 c5 4. e3 Nc6 5. c3 Bf5 6. Nbd2 e6 7. Be2 h6 8. O-O Be7 9. Ne5 O-O 10. Bg3 Nxe5 11. Bxe5 Bd6 12. f4 Be7 13. Bxf6 Bxf6 14. Nf3 Be4 15. Ne5 cxd4 16. exd4 Rc8 17. Bd3 Bxd3 18. Qxd3 Qd6 19. Rae1 a6 20. Re3 b5 21. Rg3 Qe7 22. Ng4 Kh8 23. Rh3 Rfd8 24. Qg3 Kg8 25. Nxh6+ Kf8 26. Nf5 exf5 27. Rh8# 1-0


[Site "https://www.chess.com"]

[Event "Titled Tuesday Blitz January 10 Early 2023"]
[White "Lacasa Diaz, Jose Antonio"]
[Black "Legenia, Artem"]
[WhiteFideId "2203375"]
[BlackFideId "14136945"]
[WhiteElo "2359"]
[BlackElo "2092"]
[Result "0-1"]
[Round "10"]
[TimeControl "180+2"]
[Date "2023.01.10"]
[WhiteClock "0:00:34"]
[BlackClock "0:01:24"]

1. e4 c5 2. Nf3 d6 3. d4 cxd4 4. Nxd4 Nf6 5. Nc3 g6 6. Be3 a6 7. h3 Bg7 8. Qd2 h5 9. O-O-O Nbd7 10. Kb1 b5 11. Bd3 Bb7 12. f3 Rc8 13. g4 Nb6 14. Qf2 Nc4 15. Bxc4 Rxc4 16. e5 Nd5 17. Nxd5 Bxd5 18. exd6 Qxd6 19. Nb3 Qf6 20. Bd4 Rxd4 21. Nxd4 hxg4 22. hxg4 Rxh1 23. Rxh1 Qxd4 24. Qxd4 Bxd4 25. Rd1 e5 26. f4 Bf3 27. Re1 e4 28. g5 Ke7 0-1


[Site "https://www.chess.com"]

[Event "Titled Tuesday Blitz January 10 Early 2023"]
[White "Sala, Giulia"]
[Black "Papayan, Oleg"]
[WhiteFideId "2840451"]
[BlackFideId "4193911"]
[WhiteElo "1998"]
[BlackElo "2253"]
[Result "1-0"]
[Round "10"]
[TimeControl "180+2"]
[Date "2023.01.10"]
[WhiteClock "0:01:34"]
[BlackClock "0:00:10"]

1. d4 Nf6 2. c4 e6 3. Nc3 Bb4 4. Nf3 O-O 5. g3 d5 6. c5 b6 7. cxb6 axb6 8. Bg2 c5 9. a3 Nc6 10. O-O Bxc3 11. bxc3 Ne4 12. Qc2 Ba6 13. Ne5 Nxe5 14. dxe5 f5 15. exf6 Nxf6 16. Rb1 Bc4 17. Rd1 Qc7 18. e4 dxe4 19. Bxe4 Nxe4 20. Qxe4 Bd5 21. Rxd5 exd5 22. Qxd5+ Kh8 23. Bf4 Qa7 24. Re1 Qxa3 25. Re7 Qa1+ 26. Kg2 Qxc3 27. Be5 Rxf2+ 28. Kxf2 Rf8+ 29. Rf7 Qc2+ 30. Kg1 Qb1+ 31. Kg2 Qc2+ 32. Kh3 Rg8 33. Bxg7+ Rxg7 34. Rf8+ 1-0


[Site "https://www.chess.com"]

[Event "Titled Tuesday Blitz January 10 Early 2023"]
[White "Shubenkova, Veronika"]
[Black "Cepo, Toni"]
[WhiteFideId "44124040"]
[BlackFideId "4675916"]
[WhiteElo "1960"]
[BlackElo "2145"]
[Result "1-0"]
[Round "10"]
[TimeControl "180+2"]
[Date "2023.01.10"]
[WhiteClock "0:01:16"]
[BlackClock "0:01:09"]

1. e4 e5 2. Nf3 Nf6 3. Nxe5 d6 4. Nf3 Nxe4 5. d3 Nf6 6. Be2 Be7 7. O-O O-O 8. d4 d5 9. h3 Ne4 10. c3 c6 11. Bf4 Bf5 12. Nbd2 Nd7 13. Nxe4 Bxe4 14. Nd2 Bg6 15. Re1 Nf6 16. Nf1 Bd6 17. Qd2 Bxf4 18. Qxf4 Qd7 19. Ng3 Rfe8 20. Bf3 Rxe1+ 21. Rxe1 Re8 22. Rxe8+ Qxe8 23. Kh2 h6 24. Nf5 Bxf5 25. Qxf5 Qb8+ 26. g3 Qe8 27. Kg2 Qe7 28. Bd1 g6 29. Qf3 Qe4 30. Qxe4 Nxe4 31. Bc2 Nd6 32. Bd3 f5 33. f3 Kf7 34. Kf2 Kf6 35. Ke3 g5 36. b3 Nc8 37. a4 Ne7 38. f4 Ng6 39. Be2 gxf4+ 40. gxf4 Nh4 41. Kf2 Ng6 42. Kg3 Nh8 43. c4 Nf7 44. Bf3 dxc4 45. bxc4 Nd6 46. c5 Nc4 47. d5 Na5 48. Kh4 Nb3 49. dxc6 bxc6 50. Bxc6 Nxc5 51. a5 Nd3 52. Kg3 Nb4 53. Bd7 Nd5 54. Kf3 Nc3 55. Ke3 Ne4 56. Kd4 Nf2 57. h4 Nh3 58. Ke3 Ng1 59. Bb5 Ke6 60. Kf2 Nh3+ 61. Kg3 Ng1 62. Kg2 1-0


[Site "https://www.chess.com"]

[Event "Titled Tuesday Blitz January 10 Early 2023"]
[White "Kovacevic, Radmila"]
[Black "Kirillov, Dmitry"]
[WhiteFideId "933171"]
[BlackFideId "34180572"]
[WhiteElo "2106"]
[BlackElo "2179"]
[Result "1-0"]
[Round "10"]
[TimeControl "180+2"]
[Date "2023.01.10"]
[WhiteClock "0:00:34"]
[BlackClock "0:00:02"]

1. e4 c6 2. d4 d5 3. exd5 cxd5 4. Bd3 Nc6 5. c3 Nf6 6. Nf3 g6 7. O-O Bg7 8. h3 O-O 9. Re1 Bf5 10. Bxf5 gxf5 11. Ne5 Rc8 12. Qf3 e6 13. Bg5 Kh8 14. Bxf6 Bxf6 15. Qh5 Nxe5 16. dxe5 Bg7 17. Nd2 Qb6 18. Rab1 d4 19. Nf3 dxc3 20. bxc3 Qa6 21. Ng5 h6 22. Nxf7+ Kh7 23. Re3 Rc7 24. Ng5+ Kg8 25. Nf3 Qxa2 26. Rd1 Qa4 27. Rd6 Qe8 28. Qh4 Qe7 29. Qg3 Kh7 30. Qf4 Rfc8 31. Nd4 Rc4 32. Rg3 Rxc3 33. Rxc3 Rxc3 34. Nxe6 Qf7 35. Nxg7 Kxg7 36. e6 Qf6 37. e7 Kf7 38. Rxf6+ 1-0


[Site "https://www.chess.com"]

[Event "Titled Tuesday Blitz January 10 Early 2023"]
[White "Tarasova, Viktoriya"]
[Black "Cardozo Munar, Carlos Eduardo"]
[WhiteFideId "4175840"]
[BlackFideId "4409477"]
[WhiteElo "2226"]
[BlackElo "2043"]
[Result "1-0"]
[Round "10"]
[TimeControl "180+2"]
[Date "2023.01.10"]
[WhiteClock "0:00:27"]
[BlackClock "0:00:06"]

1. d4 d5 2. c4 e5 3. dxe5 d4 4. Nf3 Nc6 5. a3 Nge7 6. Nbd2 Ng6 7. Nb3 Be6 8. Nbxd4 Ngxe5 9. Nxe6 Qxd1+ 10. Kxd1 fxe6 11. Nxe5 Nxe5 12. b3 O-O-O+ 13. Ke1 Bc5 14. Bf4 Rhf8 15. Bg3 Ng4 16. e3 g5 17. Be2 Nf6 18. b4 Be7 19. f3 h5 20. h3 c5 21. b5 g4 22. hxg4 hxg4 23. Rd1 gxf3 24. gxf3 Nd7 25. Rh7 Bf6 26. Kf2 Be5 27. Bh4 Bf6 28. Bg3 Be5 29. f4 Nf6 30. Rxd8+ Rxd8 31. Re7 Ne4+ 32. Kf3 Nxg3 33. Kxg3 Bb2 34. a4 e5 35. Bg4+ Kb8 36. f5 Rd3 37. Kf2 Rd2+ 38. Kf3 Rd1 39. Ke4 Rg1 40. Bf3 Rc1 41. f6 Rxc4+ 42. Kd5 Rc3 43. f7 Rd3+ 44. Ke6 Rd8 45. Bd5 c4 46. Bxc4 Ba3 47. Rd7 1-0


[Site "https://www.chess.com"]

[Event "Titled Tuesday Blitz January 10 Early 2023"]
[White "Kaminski, Victor"]
[Black "Joubert, Dantelle"]
[WhiteFideId "1131630"]
[BlackFideId "14310813"]
[WhiteElo "2247"]
[BlackElo "1566"]
[Result "1-0"]
[Round "10"]
[TimeControl "180+2"]
[Date "2023.01.10"]
[WhiteClock "0:02:40"]
[BlackClock "0:02:03"]

1. e4 d5 2. exd5 Qxd5 3. Nc3 Qd6 4. Nf3 Bg4 5. Be2 c6 6. O-O Nf6 7. d4 e6 8. h3 Bh5 9. Bg5 Be7 10. Bxf6 Bxf6 11. Ne4 Qd8 12. Nxf6+ Qxf6 13. Ne5 Bxe2 14. Qxe2 O-O 15. Rad1 Rd8 16. Rd3 Nd7 17. Rf3 Qh6 18. Nxf7 1-0


[Site "https://www.chess.com"]

[Event "Titled Tuesday Blitz January 10 Early 2023"]
[White "Johnson, Ben"]
[Black "Jiganchine, Roman"]
[WhiteFideId "2010917"]
[BlackFideId "2603667"]
[WhiteElo "1961"]
[BlackElo "2205"]
[Result "1/2-1/2"]
[Round "10"]
[TimeControl "180+2"]
[Date "2023.01.10"]
[WhiteClock "0:00:23"]
[BlackClock "0:00:12"]

1. Nf3 d5 2. e3 Bf5 3. c4 e6 4. cxd5 exd5 5. Qb3 Bc8 6. d4 Nf6 7. Bd3 c6 8. O-O Bd6 9. Nc3 O-O 10. Re1 Re8 11. e4 dxe4 12. Nxe4 Nxe4 13. Bxe4 Nd7 14. Bg5 Be7 15. Bxe7 Rxe7 16. d5 Nc5 17. Qb4 Nxe4 18. Rxe4 Rxe4 19. Qxe4 cxd5 20. Qe5 Be6 21. Nd4 Qf6 22. Qxf6 gxf6 23. Rc1 Rc8 24. Rxc8+ Bxc8 25. f3 Bd7 26. Kf2 Kf8 27. Ke3 Ke7 28. Ne2 Kd6 29. Kd4 Bb5 30. Ng3 Bd7 31. Nh5 Ke7 32. a3 Be6 33. Nf4 Kd6 34. Nh5 Ke7 35. Nf4 Kd6 36. Nh5 Ke7 1/2-1/2


[Site "https://www.chess.com"]

[Event "Titled Tuesday Blitz January 10 Early 2023"]
[White "Womacka, Mathias"]
[Black "Fernandez Siles, Luis"]
[WhiteFideId "4611390"]
[BlackFideId "2209420"]
[WhiteElo "2396"]
[BlackElo "2218"]
[Result "1-0"]
[Round "10"]
[TimeControl "180+2"]
[Date "2023.01.10"]
[WhiteClock "0:00:36"]
[BlackClock "0:00:03"]

1. e4 c5 2. Nf3 Nc6 3. d4 cxd4 4. Nxd4 Nf6 5. Nc3 e5 6. Ndb5 d6 7. Bg5 a6 8. Na3 b5 9. Nd5 Be7 10. Nxe7 Nxe7 11. Bd3 Bb7 12. Qe2 d5 13. exd5 Qxd5 14. O-O-O Qxg2 15. Qxe5 O-O 16. Bxf6 gxf6 17. Qxe7 Qg5+ 18. Qe3 Bxh1 19. Rxh1 Rae8 20. Qxg5+ fxg5 21. h4 h6 22. Rg1 f6 23. f4 Kg7 24. hxg5 fxg5 25. fxg5 hxg5 26. Rxg5+ Kf6 27. Rh5 Ke6 28. b4 Kd6 29. Kb2 Rf6 30. c4 Re3 31. Rd5+ Kc6 32. Nc2 Rf2 33. Kc3 Rg3 34. Nd4+ Kc7 35. cxb5 Rxa2 36. bxa6 Rxa6 37. Nb3 Rd6 38. Rxd6 Kxd6 39. Kc4 Kc7 40. Nc5 Kb6 41. Na4+ Kc6 42. Be4+ Kd6 43. b5 Rg4 44. Kd4 Rh4 45. b6 Rg4 46. Nc5 Rg1 47. b7 Rd1+ 48. Kc3 Rc1+ 49. Kd2 1-0


[Site "https://www.chess.com"]

[Event "Titled Tuesday Blitz January 10 Early 2023"]
[White "Vasques, Antonio Pedro Freixial"]
[Black "Mayank Chakraborty"]
[WhiteFideId "1908332"]
[BlackFideId "25659766"]
[WhiteElo "2214"]
[BlackElo "2025"]
[Result "0-1"]
[Round "10"]
[TimeControl "180+2"]
[Date "2023.01.10"]
[WhiteClock "0:00:23"]
[BlackClock "0:00:08"]

1. Nf3 d5 2. c4 c6 3. g3 Nf6 4. Bg2 g6 5. O-O Bg7 6. d4 O-O 7. cxd5 cxd5 8. Nc3 Nc6 9. Ne5 Bf5 10. Nxc6 bxc6 11. Qa4 Bd7 12. Qc2 Rc8 13. Na4 Ne4 14. Bxe4 dxe4 15. Rd1 f5 16. Nc5 Kh8 17. Bg5 h6 18. Bf4 Qe8 19. Be5 Rd8 20. Rac1 Bc8 21. f3 exf3 22. exf3 f4 23. gxf4 Rd5 24. Ne4 Bxe5 25. dxe5 Rxd1+ 26. Rxd1 Rf5 27. Qd2 Rf8 28. f5 Kh7 29. f6 Bf5 30. fxe7 Qxe7 31. Nf6+ Kg7 32. Qd6 Qb7 33. b3 Rf7 34. h4 Qa6 35. h5 Qe2 36. Qd2 Qxf3 37. Rf1 Qg3+ 38. Qg2 Qe3+ 39. Qf2 Qxe5 40. Ng4 Qe7 41. hxg6 Bxg6 42. Qd4+ Kg8 43. Nf6+ Kf8 44. Nh7+ Kg8 45. Nf6+ Kf8 46. Qg4 Rxf6 47. Qxg6 Qe3+ 48. Kg2 Rxf1 49. Kxf1 Qf4+ 50. Ke2 Qe5+ 51. Kd3 Qd5+ 52. Kc2 h5 53. Qh6+ Ke7 54. Qh7+ Kd6 55. Qxa7 Qc5+ 56. Qxc5+ Kxc5 57. Kd3 Kb4 58. a4 c5 59. Ke3 Kxb3 60. a5 c4 61. a6 c3 62. a7 c2 63. a8=Q c1=Q+ 64. Kf3 Qh1+ 65. Kf4 Qxa8 66. Kg5 Qa5+ 0-1


[Site "https://www.chess.com"]

[Event "Titled Tuesday Blitz January 10 Early 2023"]
[White "Ortega Amarelle, Mariano"]
[Black "Petrova, Irina"]
[WhiteFideId "3504301"]
[BlackFideId "14124122"]
[WhiteElo "2472"]
[BlackElo "2108"]
[Result "1-0"]
[Round "10"]
[TimeControl "180+2"]
[Date "2023.01.10"]
[WhiteClock "0:00:14"]
[BlackClock "0:00:06"]

1. c3 d6 2. d3 g6 3. Nd2 Bg7 4. e4 Nf6 5. Ngf3 O-O 6. g3 c5 7. Bg2 Nc6 8. O-O Rb8 9. a4 Bd7 10. Nc4 b6 11. Re1 a6 12. e5 dxe5 13. Nfxe5 Nxe5 14. Nxe5 Re8 15. Nc6 Bxc6 16. Bxc6 Rf8 17. Bf4 Rc8 18. Bb7 Nd5 19. Bxc8 Qxc8 20. Bg5 Qd7 21. Qb3 e6 22. Rad1 Rc8 23. Qc4 b5 24. axb5 axb5 25. Qe4 h6 26. Bd2 c4 27. dxc4 Rxc4 28. Qe2 Qc8 29. Ra1 Kh7 30. Ra7 Qe8 31. Qf3 Rc7 32. Rxc7 Nxc7 33. Qb7 Qd8 34. Be3 Qd6 35. Qf3 Qd7 36. Qb7 Qd6 37. Bf4 e5 38. Be3 Kg8 39. Ra1 Ne6 40. Ra8+ Nf8 41. Qxb5 Qd1+ 42. Qf1 Qd5 43. Ra1 Qb7 44. b4 e4 45. Rc1 Ne6 46. b5 Nc7 47. c4 Kh7 48. Rd1 Ne6 49. h4 Be5 50. Rd5 Bb8 51. Qd1 Ng7 52. Rd7 Qc8 53. Qd5 Qe8 54. Qxf7 Qh8 55. Bd4 Qg8 56. Qxg7+ Qxg7 57. Rxg7+ Kh8 58. Rb7+ Kg8 59. Rxb8+ Kf7 60. Rb6 Ke8 61. Rc6 Kd7 62. Kf1 Kd8 63. Ke2 Kd7 64. Ke3 Kd8 65. Kxe4 Kd7 1-0


[Site "https://www.chess.com"]

[Event "Titled Tuesday Blitz January 10 Early 2023"]
[White "Buchenau, Frank"]
[Black "Marcziter, Dmitrii"]
[WhiteFideId "4604350"]
[BlackFideId "13900765"]
[WhiteElo "2222"]
[BlackElo "2234"]
[Result "0-1"]
[Round "10"]
[TimeControl "180+2"]
[Date "2023.01.10"]
[WhiteClock "0:00:02"]
[BlackClock "0:00:42"]

1. e4 c5 2. Nf3 a6 3. c3 d5 4. exd5 Qxd5 5. d4 Nf6 6. Be3 cxd4 7. cxd4 Bg4 8. Be2 e6 9. Nc3 Qd6 10. h3 Bh5 11. Qb3 Qb4 12. O-O Nc6 13. Rad1 Qxb3 14. axb3 Nb4 15. g4 Bg6 16. Ne5 Bc2 17. Rd2 Bxb3 18. Bf3 Nfd5 19. Ne4 f6 20. Nd3 Nxd3 21. Rxd3 Bc4 22. Rfd1 Bxd3 23. Rxd3 Be7 24. Nc5 Kf7 25. Bd2 b6 26. Nd7 Rad8 27. Bxd5 Rxd7 28. Bb3 h5 29. Re3 Rd6 30. d5 e5 31. Bb4 hxg4 32. hxg4 Rc8 33. Bxd6 Bxd6 34. Kf1 Rc1+ 35. Re1 Rc5 36. Re3 Rb5 37. Ke2 Rb4 38. f3 a5 39. Kd1 a4 40. Bc2 b5 41. Kc1 Ke7 42. Rc3 Rd4 43. Rd3 Rf4 44. Rc3 Bb4 45. Rc7+ Kd6 46. Rxg7 Rxf3 47. Rf7 Kxd5 48. g5 Rf1+ 49. Bd1 Ke6 50. Rxf6+ Rxf6 51. gxf6 Kxf6 52. Be2 a3 53. bxa3 Bxa3+ 54. Kc2 b4 55. Bd3 Kg5 0-1


[Site "https://www.chess.com"]

[Event "Titled Tuesday Blitz January 10 Early 2023"]
[White "Zaichenko, Daria"]
[Black "Kaplan, Avi Harrison"]
[WhiteFideId "4197453"]
[BlackFideId "30934559"]
[WhiteElo "2104"]
[BlackElo "2146"]
[Result "0-1"]
[Round "10"]
[TimeControl "180+2"]
[Date "2023.01.10"]
[WhiteClock "0:00:18"]
[BlackClock "0:00:08"]

1. e4 c6 2. d4 d6 3. f4 Nd7 4. Nf3 Ngf6 5. Bd3 Qc7 6. c4 e5 7. d5 cxd5 8. cxd5 Nc5 9. Nc3 Nxd3+ 10. Qxd3 Bd7 11. fxe5 dxe5 12. O-O Bc5+ 13. Kh1 O-O 14. Bg5 Nh5 15. Rad1 f6 16. d6 Qb6 17. Nd5 Qxd6 18. Nxf6+ Nxf6 19. Qxd6 Bxd6 20. Rxd6 Nxe4 21. Rxd7 Nxg5 22. Rc1 Rac8 23. Rxc8 Rxc8 24. Rxb7 e4 25. Ng1 Kf8 26. Rb5 Nf7 27. Rb4 Nd6 28. Rd4 Ke7 29. g3 Rc2 30. b4 Rxa2 31. Nh3 e3 32. Rd3 e2 33. Re3+ Kd7 34. Kg1 Nf5 35. Re4 Ra1+ 36. Kf2 Rh1 37. Kxe2 Rxh2+ 38. Kf3 Rxh3 39. Kg4 Nd6 40. Rf4 Rh6 41. Kg5 Rg6+ 42. Kh5 Ke6 43. g4 Rh6+ 44. Kg5 Nf7+ 45. Rxf7 Kxf7 46. Kf4 Rb6 0-1


[Site "https://www.chess.com"]

[Event "Titled Tuesday Blitz January 10 Early 2023"]
[White "Carbone, Diego"]
[Black "Guimaraes, Wagner Peixoto"]
[WhiteFideId "3002179"]
[BlackFideId "2100940"]
[WhiteElo "2336"]
[BlackElo "2194"]
[Result "0-1"]
[Round "10"]
[TimeControl "180+2"]
[Date "2023.01.10"]
[WhiteClock "0:00:09"]
[BlackClock "0:00:17"]

1. d4 Nf6 2. c4 g6 3. g3 Bg7 4. Bg2 O-O 5. Nc3 d6 6. Nf3 Nc6 7. O-O a6 8. b3 Rb8 9. d5 Na7 10. Be3 c5 11. h3 b5 12. Rc1 b4 13. Nb1 Qa5 14. Qd2 Ne4 15. Qc2 Bf5 16. Nh4 Nxg3 17. Nxf5 Nxf5 18. Bf4 Rbe8 19. Rcd1 Nd4 20. Qd2 e5 21. dxe6 fxe6 22. e3 e5 23. exd4 exf4 24. dxc5 f3 25. Qd5+ Kh8 26. Bxf3 Rf5 27. Qb7 Qxc5 28. Rd5 Rxd5 29. Bxd5 Rf8 30. Nd2 Nc8 31. Ne4 Qd4 32. Kg2 Qe5 33. Qxa6 h6 34. Qb7 Ne7 35. Re1 Nf5 36. Re2 Nh4+ 37. Kh1 Qf5 38. Re3 Nf3 39. Qc6 Qxh3# 0-1


[Site "https://www.chess.com"]

[Event "Titled Tuesday Blitz January 10 Early 2023"]
[White "Zanette, Edgard Vinicius"]
[Black "Bon, Michael"]
[WhiteFideId "2109263"]
[BlackFideId "620696"]
[WhiteElo "2085"]
[BlackElo "2394"]
[Result "0-1"]
[Round "10"]
[TimeControl "180+2"]
[Date "2023.01.10"]
[WhiteClock "0:00:30"]
[BlackClock "0:01:21"]

1. e4 c5 2. Nc3 Nc6 3. f4 e6 4. Nf3 d5 5. Bb5 Ne7 6. d3 d4 7. Bxc6+ Nxc6 8. Ne2 Be7 9. O-O O-O 10. a3 f5 11. Ng3 b5 12. Qe2 Qd6 13. Bd2 Bd7 14. Rae1 Rae8 15. Kh1 a6 16. b3 g6 17. Qd1 Qc7 18. Re2 Bd6 19. e5 Be7 20. Qe1 Bc8 21. Qf2 Qd7 22. Rfe1 Bb7 23. h3 Qd5 24. Kh2 Kg7 25. Nf1 Rc8 26. Ng5 h6 27. Nf3 c4 28. b4 c3 29. Bc1 a5 30. bxa5 Rfd8 31. a6 Bxa6 32. g4 Bb7 33. gxf5 exf5 34. Ng3 Rg8 35. Rg1 Kh7 36. Ree1 Nd8 37. Nd2 cxd2 38. Bxd2 Ne6 39. Rb1 Rxc2 0-1


[Site "https://www.chess.com"]